 Dungeon Crawl Stone Soup version 0.30-a0-424-g7412bad402 (webtiles) character file.

Game seed: 11150957960390991529

1191 Raultor the Changer (level 8, -5/64 HPs)
             Began as an Octopode Transmuter on Dec 9, 2022.
             Was an Initiate of the Shining One.
             Slain by an orc wizard
             ... wielding a +0 war axe
              (7 damage)
             ... on level 5 of the Dungeon.
             The game lasted 00:15:31 (4924 turns).

Raultor the Changer (Octopode Transmuter)           Turns: 4924, Time: 00:15:32

Health: -5/64      AC:  7    Str:  9    XL:     8   Next: 43%
Magic:  8/11       EV: 10    Int: 17    God:    the Shining One [......]
Gold:   99         SH:  0    Dex: 13    Spells: 4/11 levels left

rFire   . . .      SeeInvis .      - Unarmed
rCold   + + +      Faith    .    (shield currently unavailable)
rNeg    . . .      Spirit   .    (helmet currently unavailable)
rPois   +          Reflect  .    g - amulet of the acrobat
rElec   .          Harm     .    F - ring of protection from fire
rCorr   +          Rampage  .    R - ring of resist corrosion
Will    .....                    Z - ring of wizardry
Stlth   +.........               (no ring)
HPRegen 0.30/turn                (no ring)
MPRegen 0.12/turn                (no ring)
                                 (no ring)
                                 (no ring)

@: ice-form, glowing
A: freezing attack, boosted hp, almost no armour, amphibious, 8 rings, large,
(camouflage 1), (gelatinous body 1), (nimble swimmer 1), (tentacles)
a: End Transformation, Renounce Religion


You were on level 5 of the Dungeon.
You worshipped the Shining One.
The Shining One was noncommittal.
You were a creature of crystalline ice.
You visited 2 branches of the dungeon, and saw 8 of its levels.

You collected 261 gold pieces.
You spent 162 gold pieces at shops.


Innate Abilities, Weirdness & Mutations

You are a creature of crystalline ice.
You have a powerful freezing melee attack.
Your maximum health is increased.
Your armour is entirely melded.
You are incapable of wielding weapons or throwing items.
You cannot wear most types of armour.
You are amphibious.
You can wear up to eight rings at the same time.
((Your skin changes colour to match your surroundings (Stealth+).))
((Your rubbery body absorbs attacks. (AC +1, EV +1)))
((You are camouflaged when in or above water. (Stealth+)))
((You have tentacles for arms and can constrict up to eight enemies at once.))


   Skills:
 + Level 3.9 Fighting
 - Level 2.0 Dodging
 + Level 5.0 Unarmed Combat
 - Level 2.0 Spellcasting
 * Level 5.9 Transmutations
 * Level 5.4 Ice Magic


You had 4 spell levels left.
You knew the following spells:

 Your Spells              Type           Power      Damage    Failure   Level
b - Beastly Appendage     Tmut           42%        N/A       1%          1
c - Ice Form              Ice/Tmut       21%        N/A       8%          4
w - Wereblood             Tmut           21%        N/A       1%          2

Your spell library contained the following spells:

 Spells                   Type           Power      Damage    Failure   Level
 Spider Form              Tmut/Pois      11%        N/A       7%          3
 Call Canine Familiar     Summ           1%         N/A       22%         3
 Portal Projectile        Hex/Tloc       2%         N/A       22%         3
 Leda's Liquefaction      Hex/Erth       0%         N/A       56%         4
 Fireball                 Conj/Fire      0%         3d3       88%         5
 Iskenderun's Battlesphe  Conj           1%         2d6       88%         5
 Conjure Ball Lightning   Conj/Air       0%         3x3d6     100%        6
 Orb of Destruction       Conj           0%         9d5       100%        7

Inventory:

Magical Staves
 i - a staff of poison {!a}
Jewellery
 g - an amulet of the acrobat (around neck)
 F - a ring of protection from fire (left front paw)
 R - a ring of resist corrosion (right front paw)
 Z - a ring of wizardry (on tentacle)
Wands
 m - a wand of digging (4)
Scrolls
 b - 2 scrolls of amnesia {unknown}
 c - a scroll of fear {unknown}
 d - a scroll of magic mapping {unknown}
 e - 4 scrolls of teleportation {@r2}
 j - 2 scrolls of blinking
 n - 2 scrolls of immolation {unknown}
 o - a scroll of silence {unknown}
 p - 3 scrolls of fog {unknown}
 q - 2 scrolls of enchant armour {unknown}
 s - a scroll of identify {@r1}
 t - 2 scrolls of poison {unknown}
 u - a scroll of vulnerability {unknown}
Potions
 a - 3 potions of lignification
 f - 2 potions of invisibility
 k - 2 potions of mutation {unknown}
 l - a potion of haste {@q3}

Dungeon Overview and Level Annotations

Branches:
Dungeon (7/15)             Temple (1/1) D:6

Altars:
Ashenzari
Cheibriados
Dithmenos
Elyvilon
Fedhas
Hepliaklqana
Kikubaaqudgha
Makhleb
Nemelex Xobeh
Okawaru
Qazlal
Sif Muna
Trog
Uskayaw
Wu Jian
Xom
Yredelemnul
Zin
The Shining One

Shops:
D:5

=?
#...............................▒
...................##..........#▒
........###........##..........#▒
.........##.....).##............▒
..∩......#......)......#.......#▒
......#...........#...##........▒
....###.........).#...##........▒
...##...........{......#........▒
....##..........Y#...[.#......#.▒
..<..)...........#.........#..##▒
....##...................###.##
....#........#..#...#.#....#..##
..#.........##.....##.##.......#
..#....................)>.)...##
....###...#.)...........)).#..#
#...# ...##.........####.....#
#.... #.........##.## ##....#


There were no monsters in sight!


Message History

You howl as the wereblood boils in your veins!
You hear some strange, mumbled words.
A puff of flame appears from out of thin air!
The puff of flame misses you.
You bump into the rock wall.
Your primal bloodlust is almost over.
You bump into the rock wall.
Something hits you.
* * * LOW HITPOINT WARNING * * *
You miss something. Something hits you but does no damage.
You punch something! You freeze something.
Something hits you but does no damage.
You miss something.
You hear some strange, mumbled words.
A puff of flame appears from out of thin air!
The puff of flame hits you!
* * * LOW HITPOINT WARNING * * *
Something hits you.
* * * LOW HITPOINT WARNING * * *
You feel less confused.
You hear some strange, mumbled words.
A puff of flame appears from out of thin air!
The puff of flame hits you.
* * * LOW HITPOINT WARNING * * *
Unknown command.
Okay, then.
Something hits you but does no damage.
You closely miss something.
Your primal bloodlust has ended.
Something hits you!
You die...

Skill      XL: |  1  2  3  4  5  6  7  8 |
---------------+-------------------------+-----
Ice Magic      | 1 2 3 4 5 |  5.4
Transmutations | 3 4 5 |  5.9
Fighting       | 2 3 |  3.9
Unarmed Combat | 4 5 |  5.0
Dodging        | |  2.0
Spellcasting   | |  2.0

Action                   |  1- 3 |  4- 6 |  7- 9 || total
-------------------------+-------+-------+-------++-------
Melee: Unarmed           |    88 |   128 |   180 ||   396
       Constrict         |    27 |    25 |     4 ||    56
       Kick              |    14 |    15 |     1 ||    30
       Tentacles         |    21 |    17 |     7 ||    45
       Punch             |     2 |     6 |     1 ||     9
 Cast: Beastly Appendage |     6 |     7 |     1 ||    14
       Wereblood         |       |     5 |     9 ||    14
       Ice Form          |       |     5 |    13 ||    18
  Use: Scroll            |       |       |     2 ||     2
       Potion            |       |       |     6 ||     6
 Stab: Sleeping          |     5 |     1 |       ||     6
       Distracted        |       |     2 |       ||     2
Armor: Skin              |     3 |     9 |    44 ||    56
Dodge: Dodged            |    62 |    64 |    87 ||   213

Levels and vault maps discovered:
D:1:      reono_arrival_forest_river, layout_basic
D:2:      layout_basic
D:3:      layout_loops_ring, general_overflow_altar, uniq_natasha
D:4:      layout_loops_corners, kennysheep_generic_room_7
D:5:      layout_cave_pools, mainiacjoe_overflow_24_doors, marbit_many_paths,
          chequers_temple_overflow_statue_of_worship, serial_shops,
          shop_fountains, shop, lightli_church_of_beogh
D:6:      gammafunk_steamed_eel, layout_cave_pools, temple_statues
D:7:      layout_rooms, nicolae_gozag_seed_capital
Temple:   nicolae_temple_bog_church

Notes
Turn   | Place    | Note
-------+----------+-------------------------------------------
     0 | D:1      | Raultor the Octopode Transmuter began the quest for the
                  | Orb.
     0 | D:1      | Reached XP level 1. HP: 13/13 MP: 3/3
    66 | D:1      | Reached XP level 2. HP: 18/18 MP: 3/5
   118 | D:1      | Reached skill level 1 in Ice Magic
   183 | D:1      | Learned a level 2 spell: Wereblood
   377 | D:1      | Reached XP level 3. HP: 23/23 MP: 4/6
  1001 | D:2      | Identified the +0 plate armour of Grottiness {Dex+4}
  1294 | D:2      | Reached XP level 4. HP: 28/28 MP: 7/7
  1519 | D:3      | Noticed Natasha
  1531 | D:3      | Killed Natasha
  1532 | D:3      | Reached skill level 3 in Transmutations
  1532 | D:3      | Reached skill level 2 in Ice Magic
  1827 | D:3      | Reached skill level 2 in Fighting
  1994 | D:3      | Reached XP level 5. HP: 25/34 MP: 4/8
  2306 | D:3      | Learned a level 4 spell: Ice Form
  2314 | D:3      | Found a hide-covered altar of Uskayaw.
  2598 | D:4      | Reached skill level 3 in Ice Magic
  2710 | D:4      | Reached XP level 6. HP: 41/41 MP: 4/9
  2795 | D:4      | Reached skill level 4 in Transmutations
  2812 | D:4      | Reached skill level 4 in Unarmed Combat
  3309 | D:4      | Reached XP level 7. HP: 42/45 MP: 10/10
  3592 | D:4      | Reached skill level 4 in Ice Magic
  3707 | D:5      | Entered Level 5 of the Dungeon
  3707 | D:5      | Found Boibruyl's Jewellery Shoppe.
  3737 | D:5      | Reached skill level 3 in Fighting
  3895 | D:5      | You fall into a shaft and drop 2 floors!
  3906 | D:6      | Reached skill level 5 in Transmutations
  3959 | D:6      | Found a staircase to the Ecumenical Temple.
  3968 | Temple   | Entered the Ecumenical Temple
  4218 | D:5      | Found a snail-covered altar of Cheibriados.
  4218 | D:5      | Found a shimmering altar of Xom.
  4219 | D:5      | Found a basalt altar of Yredelemnul.
  4219 | D:5      | Found a glowing golden altar of the Shining One.
  4228 | D:5      | Became a worshipper of the Shining One
  4356 | D:5      | Found an iron altar of Okawaru.
  4401 | D:5      | Found Gipris's Magic Scroll Shoppe.
  4489 | D:5      | Bought a scroll of teleportation for 39 gold pieces
  4489 | D:5      | Bought a scroll of blinking for 97 gold pieces
  4489 | D:5      | Bought a scroll of identify for 26 gold pieces
  4557 | D:5      | Reached XP level 8. HP: 51/52 MP: 5/11
  4651 | D:5      | Found a runed translucent door.
  4703 | D:5      | Reached skill level 5 in Ice Magic
  4907 | D:5      | HP: 5/64 [something (3)]
  4916 | D:5      | Reached skill level 5 in Unarmed Combat
  4922 | D:5      | HP: 1/64 [something/puff of flame (6)]
  4924 | D:5      | Slain by an orc wizard

Vanquished Creatures
  An orc warrior (D:5)
  A bullfrog (D:6)
  2 scorpions (D:4)
  3 orc priests (D:5)
  4 iguanas
  Natasha (D:3)
  14 orc wizards
  12 gnolls
  5 adders
  An ufetubus (D:4)
  4 dart slugs
  48 orcs
  5 endoplasms
  6 giant cockroaches
  8 goblins
  10 hobgoblins
  9 jackals
  A quokka (D:1)
  8 ball pythons
  A bat (D:1)
  5 frilled lizards
  7 kobolds
  2 rats
158 creatures vanquished.

Table legend: (Time is in decaauts)
 A = Elapsed time spent in this place.
 B = Non-inter-level travel time spent in this place.
 C = Inter-level travel time spent in this place.
 D = Time resting spent in this place.
 E = Time spent auto-exploring this place.
 F = Levels seen in this place.
 G = Mean time per level.
                   A        B        C        D        E       F      G
               +--------+--------+--------+--------+--------+-----+--------+
         Total |   4901 |   4822 |     79 |    147 |   3610 |   8 |  612.6 |
       Dungeon |   4770 |   4699 |     71 |    147 |   3500 |   7 |  681.4 |
        Temple |    130 |    122 |      8 |      0 |    110 |   1 |  130.0 |
               +--------+--------+--------+--------+--------+-----+--------+

Top non-repeatable levels by time:
     D:4: 1324 daAuts
     D:5: 979 daAuts
     D:3: 866 daAuts
     D:2: 837 daAuts
     D:1: 669 daAuts
  Temple: 130 daAuts
     D:6: 90 daAuts
     D:7: 2 daAuts

Table legend:
 A = Non-vault XP
 B = Vault XP
 C = Vault XP percentage of total XP
 D = Non-vault monster count
 E = Vault monster count
 F = Vault count percentage of total count
                 A         B        C        D         E       F
            +---------+---------+-------+---------+---------+-------
      Total |    1325 |     377 |  22.2 |     131 |      27 |  17.1
            +---------+---------+-------+---------+---------+-------
        D:1 |      47 |       0 |   0.0 |      26 |       0 |   0.0
        D:2 |      38 |       0 |   0.0 |      15 |       0 |   0.0
        D:3 |      88 |      35 |  28.5 |      19 |       1 |   5.0
        D:4 |     541 |       2 |   0.4 |      38 |       1 |   2.6
        D:5 |     481 |     340 |  41.4 |      30 |      25 |  45.5
        D:6 |     130 |       0 |   0.0 |       3 |       0 |   0.0
            +---------+---------+-------+---------+---------+-------
